 Dungeon Crawl Stone Soup version 0.17.1-2-g5865329 (webtiles) character file.

3658 PossumBlood the Archer (level 9, 0/54 HPs)
             Began as a High Elf Hunter on Jan 23, 2016.
             Was a Priest of Okawaru.
             Slain by a gnoll
             ... wielding a +0 halberd
              (14 damage)
             ... on level 7 of the Dungeon.
             The game lasted 00:26:34 (7903 turns).

PossumBlood the Archer (High Elf Hunter)            Turns: 7903, Time: 00:26:34

Health: 0/54       AC:  4    Str: 11    XL:     9   Next: 88%
Magic:  10/10      EV: 19    Int: 17    God:    Okawaru [***...]
Gold:   230        SH:  0    Dex: 18    Spells: 0 memorised, 8 levels left

rFire  . . .     SeeInvis +     a - +1 shortbow
rCold  . . .     Clarity  .     c - +0 leather armour
rNeg   . . .     SustAt   .     (shield currently unavailable)
rPois  .         Gourm    .     h - +0 helmet
rElec  .         Spirit   .     (no cloak)
rCorr  .         Warding  .     (no gloves)
rMut   .         Stasis   .     (no boots)
MR     .....                    n - amulet of regeneration
Stlth  ++........               (no ring)
                                A - ring of see invisible

@: not resistant to hostile enchantments, unstealthy
A: no striking features
a: Heroism, Renounce Religion


You were on level 7 of the Dungeon.
You worshipped Okawaru.
Okawaru was most pleased with you.
You were hungry.

You visited 2 branches of the dungeon, and saw 8 of its levels.

You collected 230 gold pieces.

Inventory:

Hand Weapons
 a - a +1 shortbow (weapon)
 b - a +0 short sword
 u - a +1 dagger of freezing
 v - a cursed +0 long sword
Missiles
 x - 8 arrows of frost (quivered)
 y - 2 javelins
Armour
 c - a +0 leather armour (worn)
 h - a +0 helmet (worn)
Jewellery
 g - an uncursed amulet of stasis
 n - an amulet of regeneration (around neck)
 A - a ring of see invisible (left hand)
Wands
 q - a wand of cold (14)
Scrolls
 e - 2 scrolls of magic mapping
 r - 2 scrolls of immolation
 t - a scroll of amnesia
Potions
 f - a potion of flight {unknown}
 i - 3 potions of curing {unknown}
 l - 3 potions of magic
 o - 3 potions of poison {unknown}
 w - a potion of beneficial mutation {unknown}
 z - a potion of agility {unknown}
 C - a potion of lignification {unknown}
Comestibles
 j - 4 bread rations
 k - 2 slices of pizza
 p - a meat ration
 s - 6 beef jerkies
 B - 4 fruits


   Skills:
 - Level 2.0 Fighting
 - Level 14.0 Bows
 * Level 10.5 Dodging
 - Level 1.1 Stealth


You had 8 spell levels left.
You didn't know any spells.

Dungeon Overview and Level Annotations

Branches:
Dungeon (7/15)             Temple (1/1) D:5

Altars:
Ashenzari
Cheibriados
Dithmenos
Elyvilon
Fedhas
Gozag
Kikubaaqudgha
Makhleb
Nemelex Xobeh
Okawaru
Qazlal
Ru
Sif Muna
Trog
Xom
Yredelemnul
Zin
The Shining One

Shops:
D:4 }


Message History

The arrow of frost freezes the gnoll.
The gnoll is almost dead.
The gnoll misses you. The gnoll closely misses you.
The gnoll completely misses you.
Firing (i - inventory. (,) - cycle):
x - 10 arrows of frost (quivered)
Press: ? - help, Shift-Dir - straight line, f/p - gnoll
Aim: a gnoll (severely wounded, fast)
You shoot an arrow of frost. The arrow of frost hits the gnoll!
The arrow of frost freezes the gnoll.
You kill the gnoll!
Okawaru accepts your kill. The gnoll misses you.
Firing (i - inventory. (,) - cycle):
x - 9 arrows of frost (quivered)
Press: ? - help, Shift-Dir - straight line, f - gnoll
Aim: a gnoll, wielding a spear You shoot an arrow of frost.
The arrow of frost hits the gnoll!
The arrow of frost freezes the gnoll.
The gnoll is severely wounded.
The gnoll hits you from afar with a halberd!
You die...

#.............#####...
##'##########.........
#...(......#.........
#..........#.........
#........(((.........
#(.....(((.#.........
#.....((...#.........
#..)))g....#.........
#...@(g....#.........
#...####...#.........
#...#################
#......# #......#
#......# ########


You could see 2 gnolls.

Vanquished Creatures
  The ghost of Steforg the Zephyrmancer, a novice TeAE (D:6)
  A hippogriff (D:7)
  A hungry ghost (D:7)
  2 sky beasts
  3 ice beasts
  4 phantoms
  3 centaurs
  4 ogres
  A giant frog (D:7)
  A wyvern skeleton (D:7)
  5 killer bees (D:7)
  4 wights (D:7)
  2 crimson imps
  3 giant frog zombies
  A hound (D:4)
  A quasit (D:5)
  4 jellies
  A gnoll shaman (D:7)
  A giant frog skeleton (D:4)
  4 iguanas
  2 orc priests
  Terence (D:2)
  4 orc wizards
  4 worker ants
  11 adders
  A worker ant zombie (D:5)
  14 gnolls
  A shadow imp (D:5)
  2 oozes (D:1)
  A worm (D:4)
  2 adder skeletons (D:5)
  6 giant geckos
  27 orcs
  15 goblins
  8 hobgoblins
  8 jackals (D:1)
  9 kobolds
  2 quokkas (D:7)
  A ball python (D:1)
  3 bats (D:1)
  7 giant cockroaches
  10 giant newts
  2 gnoll zombies (D:6)
  A quokka zombie (D:5)
  10 rats
199 creatures vanquished.

Notes
Turn   | Place    | Note
--------------------------------------------------------------
     0 | D:1      | PossumBlood the High Elf Hunter began the quest for the Orb.
     0 | D:1      | Reached XP level 1. HP: 14/14 MP: 2/2
    98 | D:1      | Reached XP level 2. HP: 19/19 MP: 3/3
   248 | D:1      | Reached skill level 6 in Bows
   982 | D:1      | Reached XP level 3. HP: 24/24 MP: 4/4
  1642 | D:2      | Reached skill level 7 in Bows
  1651 | D:2      | Noticed Terence
  1664 | D:2      | Killed Terence
  1664 | D:2      | Reached XP level 4. HP: 19/29 MP: 5/5
  1745 | D:2      | Reached skill level 8 in Bows
  1974 | D:2      | Found a shadowy altar of Dithmenos.
  2162 | D:2      | Reached XP level 5. HP: 34/34 MP: 6/6
  2287 | D:2      | Found a glowing golden altar of the Shining One.
  2408 | D:3      | Reached skill level 9 in Bows
  3443 | D:3      | Found a sparkling altar of Nemelex Xobeh.
  3697 | D:4      | Reached XP level 6. HP: 39/39 MP: 7/7
  3734 | D:4      | Noticed an ogre
  3739 | D:4      | Killed an ogre
  3739 | D:4      | Reached skill level 10 in Bows
  3774 | D:4      | Noticed an ogre
  3789 | D:4      | Killed an ogre
  4017 | D:4      | Found Kioruyc's Gadget Boutique.
  4034 | D:4      | Noticed a phantom
  4052 | D:4      | Killed a phantom
  4052 | D:4      | Reached skill level 11 in Bows
  4052 | D:4      | Reached XP level 7. HP: 35/45 MP: 8/8
  4074 | D:4      | Found an opulent altar of Gozag.
  4111 | D:4      | Found a snail-covered altar of Cheibriados.
  4111 | D:4      | Found a shattered altar of Ashenzari.
  4668 | D:5      | Entered Level 5 of the Dungeon
  4708 | D:5      | Found a staircase to the Ecumenical Temple.
  4715 | D:5      | Reached skill level 12 in Bows
  4767 | Temple   | Entered the Ecumenical Temple
  4785 | Temple   | Became a worshipper of Warmaster Okawaru
  5158 | D:5      | Reached XP level 8. HP: 50/50 MP: 9/9
  5229 | D:5      | Reached skill level 13 in Bows
  5402 | D:5      | Found a bloodstained altar of Trog.
  5991 | D:6      | Reached skill level 14 in Bows
  6077 | D:6      | Noticed Steforg's ghost (novice TeAE)
  6106 | D:6      | Killed Steforg's ghost
  6106 | D:6      | Reached * piety under Okawaru
  6106 | D:6      | Reached skill level 5 in Dodging
  6179 | D:6      | Found a basalt altar of Yredelemnul.
  6311 | D:6      | Reached XP level 9. HP: 48/54 MP: 10/10
  6935 | D:7      | Reached ** piety under Okawaru
  7343 | D:7      | Reached *** piety under Okawaru
  7343 | D:7      | Received a gift from Okawaru
  7477 | D:7      | Reached skill level 10 in Dodging
  7903 | D:7      | Slain by a gnoll

Action                   |  1- 3 |  4- 6 |  7- 9 || total
-------------------------+-------+-------+-------++-------
Melee: Short sword       |     5 |    24 |    34 ||    63
 Fire: Shortbow          |   107 |   222 |   499 ||   828
  Use: Scroll            |     2 |     6 |     6 ||    14
  Eat: Bread ration      |     1 |       |     2 ||     3
       Fruit             |       |     6 |     3 ||     9
